AoeStats
← Vilo41

Arabia

509772067Analyzed
1v1 RM · 5d ago on Sep 28, 2026· 25m 52s· 2 players
Game mode
Random Map
Map size
Tiny (2 player)
Population
200
Speed
Normal
Resources
Standard
Victory
Conquest
Starting age
Dark Age
Ending age
Imperial Age
RankedLock teamsTeams togetherTeam positionsShared explorationLock speedFull tech treeHidden civsTurbo modeCheats
Victory
Defeat
🇨🇦 Maya · Canada
670
+14
🇻🇪 Dravidians · Venezuela
635
-27
Vilo41
10:53 Feudal Age
11:26 Horse Collar
11:37 Double-Bit Axe
13:16 Wheelbarrow
12:56 Man-at-Arms
25:47 Castle Age
jackalope
0:31 Loom
10:47 Feudal Age
11:20 Double-Bit Axe
13:01 Horse Collar
14:04 Scale Mail Armor
15:19 Forging
22:12 Padded Archer Armor
24:41 Castle Age
22:54 Fletching
24:06 Padded Archer Armor
25:33 Bodkin Arrow
25:53 Leather Archer Armor
25:02 Crossbowman
Connection lost

Rejoining the realm…

Still unreachable

The connection could not be restored.

Session expired

The server has moved on; the page needs a fresh start.